AoeStats
← Mithrandir

MegaRandom

505047220Analyzed
1v1 RM · 25d ago on Sep 7, 2026· 38m 46s· 2 players
Game mode
Random Map
Map size
Tiny (2 player)
Population
200
Speed
Normal
Resources
Standard
Victory
Conquest
Starting age
Dark Age
Ending age
Imperial Age
RankedLock teamsTeams togetherTeam positionsShared explorationLock speedFull tech treeHidden civsTurbo modeCheats
Victory
Defeat
🇧🇷 Franks · Brazil
894
+39
🇦🇷 Mapuche · Argentina
881
-15
Ranchov
11:03 Feudal Age
13:58 Fishing Lines
14:08 Double-Bit Axe
20:11 Castle Age
22:51 Wheelbarrow
22:05 Town Watch
22:36 Forging
22:26 Scale Mail Armor
25:09 Loom
28:00 Horse Collar
29:40 Gillnets
30:23 Heavy Plow
30:34 Pikeman
30:35 Elite Skirmisher
31:41 Gold Mining
33:58 Bow Saw
34:30 Fletching
34:40 Padded Archer Armor
35:16 Iron Casting
34:56 Chain Mail Armor
Mithrandir
5:53 Loom
10:21 Feudal Age
11:18 Double-Bit Axe
16:39 Fishing Lines
18:19 Wheelbarrow
19:15 Man-at-Arms
20:03 Scale Barding Armor
20:31 Gold Mining
20:48 Town Watch
24:15 Castle Age
24:04 Stone Mining
24:41 Forging
31:24 Gold Shaft Mining
31:02 Bow Saw
31:15 Chain Barding Armor
31:31 Iron Casting
30:48 Fletching
36:42 Bodkin Arrow
36:48 Padded Archer Armor
Connection lost

Rejoining the realm…

Still unreachable

The connection could not be restored.

Session expired

The server has moved on; the page needs a fresh start.